 Dungeon Crawl Stone Soup version 0.21.1-1-g345015fe64 (webtiles) character file.

954 Ryomija the Carver (level 8, -22/58 HPs)
             Began as a Formicid Fighter on May 14, 2018.
             Was an Initiate of Okawaru.
             Annihilated by an orc warrior
             ... wielding a +0 glaive
              (23 damage)
             ... on level 6 of the Dungeon.
             The game lasted 00:13:04 (5893 turns).

Ryomija the Carver (Formicid Fighter)               Turns: 5893, Time: 00:13:05

Health: -22/58     AC:  8    Str: 23    XL:     8   Next: 36%
Magic:  0/8        EV:  8    Int:  8    God:    Okawaru [......]
Gold:   242        SH:  9    Dex: 10    Spells: 7/7 levels left

rFire    . . .     SeeInvis +   a - +0 long sword
rCold    . . .     Gourm    .   c - +0 shield
rNeg     . . .     Faith    .   b - +0 scale mail
rPois    .         Spirit   +   (helmet unavailable)
rElec    .         Reflect  .   z - scarf {Spirit}
rCorr    +         Harm     .   (no gloves)
MR       .....                  m - +0 pair of boots
Stlth    ..........             (no amulet)
HPRegen  0.19/turn              E - ring of resist corrosion
MPRegen  0.11/turn              x - ring of see invisible

@: no status effects
A: permanent stasis, dig shafts and tunnels, four strong arms, antennae 3
a: Dig, Shaft Self, Renounce Religion


You were on level 6 of the Dungeon.
You worshipped Okawaru.
Okawaru was noncommittal.
You were not hungry.

You visited 2 branches of the dungeon, and saw 7 of its levels.

You collected 242 gold pieces.

Inventory:

Hand Weapons
 a - a +0 long sword (weapon)
Armour
 b - a +0 scale mail (worn)
 c - a +0 shield (worn)
 l - a +0 large shield
 m - a +0 pair of boots (worn)
 z - a scarf of spirit shield (worn)
Jewellery
 g - an uncursed ring of protection from cold
 x - a ring of see invisible (right hand)
 E - a ring of resist corrosion (left hand)
Scrolls
 e - 6 scrolls of identify
 j - 7 scrolls of remove curse
 p - a scroll of fear {unknown}
 q - 2 scrolls of enchant weapon {unknown}
 s - a scroll of blinking {unknown}
 u - a scroll of amnesia {unknown}
 y - 3 scrolls of enchant armour {unknown}
 A - a scroll of vulnerability {unknown}
 B - a scroll of noise {unknown}
 D - a scroll of immolation {unknown}
Potions
 d - 2 potions of might
 h - 2 potions of lignification
 i - a potion of ambrosia {unknown}
 k - 2 potions of agility {unknown}
 n - a potion of cancellation {unknown}
 r - a potion of invisibility {unknown}
 t - a potion of heal wounds {unknown}
 v - a potion of degeneration {unknown}
 C - a potion of curing {unknown}
Books
 o - a book of Cantrips

   Spells                             Type                      Level
   a - Confusing Touch                Hexes                        1
   b - Animate Skeleton               Necromancy                   1
   c - Summon Small Mammal            Summoning                    1
   d - Apportation                    Translocation                1
 w - a book of Minor Magic

   Spells                             Type                      Level
   a - Magic Dart                     Conjuration                  1
   b - Blink                          Translocation                2
   c - Call Imp                       Summoning                    2
   d - Slow                           Hexes                        2
   e - Conjure Flame                  Conjuration/Fire             3
   f - Mephitic Cloud                 Conjuration/Poison/Air       3
Comestibles
 f - 7 rations
 F - 4 chunks of flesh


   Skills:
 - Level 3.2 Fighting
 + Level 9.3 Long Blades
 - Level 3.2 Armour
 - Level 3.6 Shields


You had 7 spell levels left.
You didn't know any spells.

Dungeon Overview and Level Annotations

Branches:
Dungeon (6/15)             Temple (1/1) D:5

Altars:
Ashenzari
Cheibriados
Elyvilon
Fedhas
Gozag
Hepliaklqana
Kikubaaqudgha
Makhleb
Nemelex Xobeh
Okawaru
Qazlal
Ru
Sif Muna
Trog
Uskayaw
Vehumet
Wu Jian
Xom
Yredelemnul
Zin
The Shining One

Shops:
D:6 }


Innate Abilities, Weirdness & Mutations

You cannot be hasted, slowed, berserked, paralysed or teleported.
You can dig through walls and to a lower floor.
Your four strong arms can wield two-handed weapons with a shield.
You have a pair of large antennae on your head. (SInv)


Message History

The orc warrior closely misses you.
The orc wizard hits you but does no damage.
You slash the orc wizard!
You kill the orc wizard!
Okawaru accepts your kill. You block the orc warrior's attack.
The orc priest mumbles some strange prayers to Beogh against you.
Beogh smites you!
Things that are here:
a dagger; a robe; an orc corpse You closely miss the orc warrior.
The orc warrior is lightly wounded.
The orc warrior hits you with a glaive!!
* * * LOW HITPOINT WARNING * * *
You hit the orc warrior.
The orc warrior is moderately wounded.
The orc warrior hits you with a glaive!
* * * LOW HITPOINT WARNING * * *
The orc warrior hits you from afar with a glaive!!
You die...

### #.. .# #.# .#
## #. #.# .##.# #.
#.# ###.#.# #.
#.###....# #.
#@##....# #.
#.)oo...##.####.##
####..#.# #.......
#..#.# .####..#
#....# ##.# #.#..#
##... ##.#..#
##....
#.....#####.....
.....#......###....


You could see an orc warrior and an orc priest.

Vanquished Creatures
  Sigmund (D:4)
  An ogre (D:4)
  A phantom (D:4)
  A scorpion (D:5)
  3 howler monkeys
  A centaur zombie (D:6)
  A crimson imp (D:5)
  A hound (D:5)
  An orc priest (D:6)
  An orc wizard (D:6)
  An iguana (D:4)
  A worker ant (D:6)
  A hound skeleton (D:6)
  4 gnolls
  8 adders
  A shadow imp (D:5)
  An ooze (D:2)
  An adder zombie (D:6)
  An adder skeleton (D:6)
  4 worms
  A dart slug (D:2)
  5 leopard geckos
  3 orcs
  9 bats
  3 giant cockroaches
  4 hobgoblins
  14 jackals
  4 quokkas
  A ball python (D:3)
  8 frilled lizards
  10 goblins
  8 kobolds
  A leopard gecko zombie (D:5)
  9 rats
115 creatures vanquished.

Vanquished Creatures (others)
  A quokka (D:6)
1 creature vanquished.

Grand Total: 116 creatures vanquished

Notes
Turn   | Place    | Note
-------+----------+-------------------------------------------
     0 | D:1      | Ryomija the Formicid Fighter began the quest for the Orb.
     0 | D:1      | Reached XP level 1. HP: 18/18 MP: 1/1
     9 | D:1      | Reached XP level 2. HP: 12/24 MP: 2/2
   178 | D:1      | Reached skill level 3 in Long Blades
   257 | D:1      | Reached XP level 3. HP: 29/29 MP: 3/3
  1105 | D:2      | Reached skill level 4 in Long Blades
  1105 | D:2      | Reached XP level 4. HP: 35/35 MP: 4/4
  1531 | D:2      | Found a bloodstained altar of Trog.
  1595 | D:2      | Reached XP level 5. HP: 37/41 MP: 5/5
  1845 | D:3      | Reached skill level 5 in Long Blades
  2244 | D:3      | Found a stormy altar of Qazlal.
  2247 | D:3      | Found a blossoming altar of Fedhas.
  2250 | D:3      | Found a bloodstained altar of Trog.
  2753 | D:4      | Reached XP level 6. HP: 44/47 MP: 6/6
  2783 | D:4      | Noticed Sigmund
  2790 | D:4      | Killed Sigmund
  2790 | D:4      | Reached skill level 6 in Long Blades
  2798 | D:4      | Reached skill level 7 in Long Blades
  2798 | D:4      | Reached XP level 7. HP: 49/52 MP: 7/7
  3445 | D:4      | Found a basalt altar of Yredelemnul.
  3657 | D:4      | Reached skill level 8 in Long Blades
  3867 | D:4      | Found a sacrificial altar of Ru.
  4072 | D:5      | Entered Level 5 of the Dungeon
  4341 | D:5      | Reached XP level 8. HP: 40/58 MP: 8/8
  4476 | D:5      | HP: 2/58 [poisoned by a scorpion]
  4482 | D:5      | HP: 1/58 [poisoned by a scorpion]
  4490 | D:5      | HP: 1/58 [poisoned by a scorpion]
  5266 | D:5      | Found a staircase to the Ecumenical Temple.
  5381 | Temple   | Entered the Ecumenical Temple
  5477 | Temple   | Became a worshipper of Warmaster Okawaru
  5636 | D:6      | Found Muipits's Gadget Shoppe.
  5660 | D:6      | Reached skill level 9 in Long Blades
  5892 | D:6      | HP: 1/58 [orc warrior/glaive (9)]
  5893 | D:6      | Annihilated by an orc warrior

Skill      XL: |  1  2  3  4  5  6  7  8 |
---------------+-------------------------+-----
Long Blades    | 3 4 5 7 8 9 |  9.3
Fighting       | |  3.2
Armour         | |  3.2
Shields        | |  3.6

Action                   |  1- 3 |  4- 6 |  7- 9 || total
-------------------------+-------+-------+-------++-------
Melee: Long sword        |    92 |   184 |   228 ||   504
  Use: Scroll            |       |       |     2 ||     2
  Eat: Chunk             |     1 |     6 |     3 ||    10
       Ration            |       |       |     2 ||     2
Armor: Scale mail        |    48 |    74 |    78 ||   200
Dodge: Dodged            |    36 |    51 |    60 ||   147
Block: Shield            |    51 |    82 |    82 ||   215
       Rpst.: Long sword |    15 |    16 |    19 ||    50
